 Dungeon Crawl Stone Soup version 0.31.0-12-g77e489cdc1 (webtiles) character file.

Game seed: 7260659799580371751

84 lordive the Slasher (level 4, -4/41 HPs)
             Began as a Minotaur Monk on Feb 29, 2024.
             Slain by an iguana (6 damage)
             ... on level 4 of the Dungeon.
             The game lasted 00:01:03 (386 turns).

lordive the Slasher (Minotaur Monk)                  Turns: 386, Time: 00:01:03

Health: -4/41      AC:  5    Str: 16    XL:     4   Next: 23%
Magic:  3/3        EV: 12    Int:  7    God:
Gold:   10         SH:  0    Dex: 14    Spells: 3/3 levels left

rFire   . . .        a - +0 falchion
rCold   . . .        (no shield)
rNeg    . . .        f - +0 ring mail
rPois   .            (helmet restricted)
rElec   .            (no cloak)
rCorr   .            (no gloves)
SInv    .            (no boots)
Will    .....        (no amulet)
Stlth   +            (no ring)
HPRegen 0.26/turn    (no ring)
MPRegen 0.08/turn

%: no passive effects
@: no status effects
A: horns 2, retaliatory headbutt
a: no special abilities


You were on level 4 of the Dungeon.
You visited 1 branch of the dungeon, and saw 4 of its levels.

You collected 10 gold pieces.

Inventory:

Hand Weapons
 a - a +0 falchion (weapon)
Armour
 f - a +0 ring mail (worn)
Jewellery
 i - an amulet of regeneration
Wands
 j - a wand of polymorph (2)
Scrolls
 b - a scroll of poison {unknown}
 e - a scroll of immolation {unknown}
 g - a scroll of brand weapon {unknown}
 h - a scroll of vulnerability {unknown}
Potions
 c - a potion of ambrosia
 d - 2 potions of lignification {unknown}


   Skills:
 + Level 4.5 Fighting
 + Level 4.6 Long Blades
 + Level 0.4 Armour
 + Level 4.2 Dodging


You had 3 spell levels left.
You didn't know any spells.
Your spell library was empty.

Dungeon Overview and Level Annotations

Branches:
Dungeon (4/15)
 Temple: D:4-7

Altars:


Innate Abilities, Weirdness & Mutations

You have a pair of horns on your head.
You reflexively headbutt those who attack you in melee.


Message History

Unknown command.
You are too injured to fight recklessly!
You are too injured to fight recklessly!
You miss the ufetubus.
The ufetubus is almost dead.
The ufetubus hits you. The ufetubus closely misses you.
The hobgoblin completely misses you. The iguana misses you.
You furiously retaliate!
You headbutt the iguana. The ufetubus barely misses you.
The ufetubus hits you but does no damage.
You hit the ufetubus.
You kill the ufetubus!
The iguana misses you.
The hobgoblin hits you but does no damage.
You closely miss the hobgoblin.
The hobgoblin is severely wounded.
The iguana bites you.
The hobgoblin hits you but does no damage.
You hit the hobgoblin.
You kill the hobgoblin!
The iguana bites you!
* * * LOW HITPOINT WARNING * * *
The endoplasm attacks as it pursues you!
The endoplasm hits you but does no damage.
You hit the endoplasm. You headbutt the endoplasm.
The endoplasm is moderately wounded.
The endoplasm freezes you.
You are frozen.
* * * LOW HITPOINT WARNING * * *
You hit the endoplasm but do no damage. You headbutt the endoplasm.
You kill the endoplasm!
You barely miss the iguana. The iguana bites you.
* * * LOW HITPOINT WARNING * * *
You hit the iguana. You headbutt the iguana.
The iguana is moderately wounded.
The iguana barely misses you.
You hit the iguana but do no damage.
The iguana is moderately wounded.
The iguana closely misses you. The iguana bites you.
You die...

###########?####
#......@l)......
#..##...#†...###
#.# #...#....#
#.###..##....#
#......# #.....
#.....## ...#..
#...### ...# .
## #.#### #..#
#. #....#### ##


You could see an iguana.

Vanquished Creatures
  A hound (D:4)
  3 adders
  An ufetubus (D:4)
  An orc (D:4)
  4 endoplasms
  2 giant cockroaches
  2 hobgoblins (D:4)
  2 quokkas
  A ball python (D:4)
  A frilled lizard (D:3)
  A kobold (D:2)
  A rat (D:3)
20 creatures vanquished.

Notes
Turn   | Place    | Note
-------+----------+-------------------------------------------
     0 | D:1      | lordive the Minotaur Monk began the quest for the Orb.
     0 | D:1      | Reached XP level 1. HP: 19/19 MP: 0/0
    56 | D:2      | Found a faded altar of an unknown god.
    60 | D:2      | Reached XP level 2. HP: 27/27 MP: 1/1
   326 | D:4      | Reached XP level 3. HP: 30/34 MP: 2/2
   370 | D:4      | Reached XP level 4. HP: 34/41 MP: 3/3
   384 | D:4      | HP: 2/41 [iguana (3)]
   386 | D:4      | Slain by an iguana

Illustrated notes

Levels and vault maps discovered:
D:1:      roderic_crossed_star, layout_basic, hangedman_decor_peaks_small,
          hangedman_decor_clover_reticule, hex_intersection
D:2:      layout_basic, basic_ecumenical_altar
D:3:      layout_basic, nicolae_uskayaw_dance_hall, slow_altar_1,
          portal_sewer_entry_f
D:4:      minmay_recursive_quarters, layout_loops_ring, lemuel_tele_altar,
          lightli_temple_of_fire

Skill      XL: |  1  2  3 |
---------------+----------+-----
Fighting       | 4 |  4.5
Long Blades    | 4 |  4.6
Dodging        | 4 |  4.2
Armour         | |  0.4

Action                     |  1- 3 |  4- 6 || total
---------------------------+-------+-------++-------
  Melee: Falchion          |    37 |    16 ||    53
         Headbutt          |     5 |     3 ||     8
 Armour: Robe              |     1 |       ||     1
         Ring mail         |    18 |    16 ||    34
  Dodge: Dodged            |    28 |    23 ||    51
